Map: Void Launch

Players

wasp

  • Race: Protoss Protoss

larsgj

  • Race: Terran Terran

VOD

Have the link to the VOD?

Description

Time

  • Played on: Oct. 21, 2018, 7:40 a.m.
  • Length: 26:21
Show
View Real Time Build Order
Export as new Build Order

wasp Protoss 

Build Orders:  

Get SALT Encoding   

  1  0:00  Probe x12 (Chrono Boost)  
    0:10  Unknown x2  
  12  0:27  Pylon  
  12  1:17  Pylon  
  12  1:24  Gateway  
  12  1:33  Forge  
  12  1:50  Gateway  
  12  2:32  Cybernetics Core  
  12  2:35  Zealot  
  14  3:37  Assimilator  
  14  3:43  Zealot x2  
  14  3:44  Zealot x2  
  14  3:45  Assimilator  
  22  5:04  Zealot x2  
  22  5:05  Zealot x2  
  30  5:29  Pylon  
  30  6:07  Pylon  
  30  6:14  Pylon  
  30  6:22  Pylon  
  30  6:27  Pylon  
  30  6:44  Twilight Council  
  30  8:02  Probe (Chrono Boost)  
  31  8:14  Templar Archives  
  31  8:16  Probe (Chrono Boost)  
  32  8:30  Probe (Chrono Boost)  
  33  9:04  Gateway  
  33  9:10  High Templar  
  33  9:13  High Templar x2  
  33  9:18  Archon  
  39  9:22  High Templar  
  39  9:27  Archon  
  41  9:31  High Templar  
  43  10:00  High Templar  
  43  10:06  Archon  
  45  10:58  Pylon  
  45  11:35  Photon Cannon  
  45  11:39  Photon Cannon  
  45  11:44  Photon Cannon  
  45  11:50  Photon Cannon  
  45  12:21  High Templar x2  
  45  12:22  High Templar  
  51  12:34  High Templar  
  51  12:37  Archon  
  51  12:39  Archon  
  15  15:14  High Templar  
  15  15:15  High Templar x2  
  15  15:16  High Templar  
  23  15:23  Archon x2  
  23  15:42  Gateway  
  23  15:49  High Templar  
  25  16:37  High Templar  
  27  17:15  Archon  
  27  17:53  High Templar x2  
  27  17:56  Archon  
  31  18:51  High Templar  
  33  19:01  High Templar  
  35  19:14  Archon  
  27  20:15  High Templar  
  27  20:18  High Templar  
  27  20:22  Archon  
  27  21:30  High Templar  
  27  21:37  High Templar  
  31  21:40  Archon  
  23  24:01  High Templar x2  
  23  24:02  High Templar  
  29  24:10  High Templar  
  29  24:16  Archon  
  29  24:17  Archon  
  31  24:52  High Templar  
  33  25:42  High Templar  
Show
View Real Time Build Order
Export as new Build Order

larsgj Terran 

Build Orders:  

Get SALT Encoding   

  1  0:00  Orbital Command, SCV x12  
    0:10  Unknown  
    0:14  SCV  
  13  0:31  Supply Depot  
  13  0:44  SCV  
  14  1:01  Barracks, SCV  
  15  1:18  SCV  
  16  1:25  Supply Depot  
  16  1:35  SCV  
  17  1:42  Marine  
  18  1:52  Marine, SCV  
  18  1:54  Refinery  
  20  2:09  SCV  
  21  2:15  Refinery  
  21  2:20  Supply Depot  
  21  2:21  Marine  
  22  2:31  Marine  
  22  2:39  Barracks  
  23  2:44  SCV  
  24  3:03  Barracks Tech Lab  
  24  3:15  Supply Depot  
  24  3:19  Barracks Tech Lab  
  24  3:29  Unknown, Engineering Bay  
  24  3:31  SCV  
  24  3:34  Marine  
  26  3:48  SCV  
  27  4:03  Supply Depot  
  27  4:09  Marine x2  
  29  4:28  Stabilizer Medpacks  
  29  4:40  Terran Infantry Weapons Level 1  
  29  4:45  SCV  
  30  4:52  Marine  
  30  4:55  Marine  
  32  5:20  Orbital Command  
  32  5:22  Medic  
  32  5:26  Medic  
  36  5:33  Marine  
  36  5:36  Marine  
  38  6:06  Marine, Medic  
  41  6:16  Marine, Medic  
  44  6:21  SCV  
  44  6:26  Marine  
  46  6:38  SCV  
  47  6:43  Factory  
  47  6:55  SCV  
  48  7:21  Missile Turret  
  48  7:38  SCV  
  49  7:50  Missile Turret  
  49  7:55  SCV  
  49  7:58  Armory  
  50  8:02  Marine  
  50  8:06  Marine  
  52  8:12  SCV  
  52  8:13  Medic  
  52  8:18  Missile Turret  
  55  8:47  Missile Turret  
  55  8:58  Marine, Medic, Supply Depot  
  55  9:00  Supply Depot  
  55  9:01  SCV  
  55  9:06  Supply Depot  
  55  9:08  Marine, Medic  
  59  9:16  Missile Turret  
  59  9:19  Supply Depot  
  62  9:20  Supply Depot  
  62  9:34  Barracks  
  62  9:51  Missile Turret  
  62  10:18  Missile Turret  
  60  10:56  Marine x2  
  60  11:06  Marine  
  60  11:07  Marine  
  62  11:15  Barracks Tech Lab  
  62  11:17  Marine x2  
  64  11:27  Marine x2  
  65  11:34  Marine  
  65  11:37  Marine, Medic  
  67  11:44  Marine  
  67  11:47  Medic  
  71  11:52  Missile Turret  
  71  11:54  Marine  
  74  12:20  Missile Turret  
  74  12:25  Firebat  
  76  12:33  Firebat x2  
  76  12:38  Firebat  
  80  12:45  Firebat  
  80  12:49  Missile Turret  
  84  13:00  Firebat  
  86  13:18  Missile Turret  
  86  13:46  Missile Turret  
  86  14:02  Missile Turret  
  86  14:15  Missile Turret  
  86  14:19  Terran Vehicle and Ship Weapons Level 1  
  86  14:22  Structure Armor  
  86  14:30  Missile Turret  
  86  14:32  SCV  
  86  14:34  Missile Turret  
  87  14:43  Missile Turret  
  87  14:59  Missile Turret  
  87  15:05  Missile Turret  
  87  15:08  Supply Depot  
  87  15:09  Marauder x2, Firebat  
  87  15:10  SCV  
  87  15:11  Supply Depot x2  
  87  15:12  Missile Turret, Supply Depot  
  87  15:17  Supply Depot  
  87  15:19  Supply Depot  
  93  15:22  Firebat  
  93  15:27  SCV  
  96  15:44  SCV  
  97  15:54  Missile Turret  
  97  16:25  Missile Turret  
  97  16:53  Missile Turret  
  97  16:59  Terran Vehicle And Ship Armor Level 1  
  97  17:23  Missile Turret  
  94  17:53  Missile Turret  
  92  18:25  Marine x3  
  95  18:35  Marine x2  
  95  18:36  Marine  
  98  18:45  Marine x2  
  98  18:46  Marine  
  99  18:55  Marine  
  99  18:56  Marine x2, Missile Turret  
  100  19:06  Medic x3  
  102  19:25  Missile Turret  
  101  19:53  Missile Turret  
  99  20:07  Missile Turret  
  96  20:14  Terran Infantry Weapons Level 2  
  96  20:16  Terran Vehicle and Ship Weapons Level 2  
  91  20:23  Marine x2  
  91  20:24  Marine  
  94  20:33  Medic  
  94  20:34  Medic x2  
  94  20:38  Missile Turret  
  100  20:43  Marine  
  100  20:44  Marine, Marauder  
  104  20:54  Marauder x2  
  104  20:57  Marauder  
  110  21:07  Marauder x2, Missile Turret  
  110  21:09  Medic  
  113  21:36  Missile Turret  
  113  22:18  Marauder  
  113  22:19  Marauder x2  
  105  22:31  Marine, Marauder x2  
  105  22:41  Medic  
  105  22:43  Medic x2  
  105  22:51  Marine  
  105  22:54  Marine, Medic  
  100  23:02  Marauder  
  100  23:04  Marine, Medic  
  88  23:23  Marine x3  
  88  23:24  Terran Infantry Armor Level 1  
  91  23:33  Marine x2  
  91  23:34  Marine  
  93  23:43  Marine  
  93  23:44  Marine x2  
  93  23:54  Marine x3  
  96  24:04  Marine x3  
  99  24:17  Marine x2  
  99  24:18  Marine  
  99  24:27  Marine  
  99  24:28  Medic x2  
  102  24:38  Marauder, Medic  
  102  24:39  Marauder  
  107  24:48  Marauder  
  108  24:53  Marauder x2  
  99  25:01  Marauder  
  99  25:05  Marauder  
  90  25:23  Marine x3  
  88  25:33  Marine x3  
  91  25:43  Marine x2  
  86  26:02  SCV  
Tags
 
Commander
ArtanisRaynor
Matchup
Co-op
Replay Pack
Multiplayer
Add a new tag
Caveats
  • Supply blocks, unpowered buildings, or Contaminate may cause inaccurate times.
  • Supply counts are checked every 10 seconds.